 Dungeon Crawl Stone Soup version 0.29-a0-542-g075992c915 (webtiles) character file.

Game seed: 18275497972504613042

36 oldriver the Skirmisher (level 3, 0/32 HPs)
             Began as a Palentonga Delver on June 4, 2022.
             Succumbed to an adder's poison
             ... on level 3 of the Dungeon.
             The game lasted 00:00:57 (343 turns).

oldriver the Skirmisher (Palentonga Delver)          Turns: 343, Time: 00:00:57

Health: 0/32       AC:  4    Str: 17    XL:     3   Next: 19%
Magic:  3/3        EV:  9    Int: 10    God:
Gold:   0          SH:  0    Dex: 11    Spells: 2/2 levels left

rFire   . . .      SeeInvis +   a - +0 hand axe
rCold   . . .      Faith    .   (no shield)
rNeg    . . .      Spirit   .   b - +0 leather armour
rPois   .          Reflect  .   (no helmet)
rElec   .          Harm     .   (no cloak)
rCorr   .          Rampage  .   (no gloves)
Will    .....                   (no barding)
Stlth   ++........              (no amulet)
HPRegen 0.10/turn               (no ring)
MPRegen 0.08/turn               (no ring)

@: lethally poisoned (0 -> -4)
A: large, rugged brown scales 3, see invisible, deformed body, roll 1, armoured
tail
a: Rolling Charge


You were on level 3 of the Dungeon.
You visited 1 branch of the dungeon, and saw 3 of its levels.

Inventory:

Hand Weapons
 a - a +0 hand axe (weapon)
Armour
 b - a +0 leather armour (worn)
Wands
 g - a wand of digging (3)
 h - a wand of acid (11)
Scrolls
 c - a scroll of fog
 d - a scroll of magic mapping
 e - a scroll of fear
 i - a scroll of enchant armour {unknown}
 j - a scroll of teleportation {unknown}
Potions
 f - a potion of haste


   Skills:
 + Level 3.7 Fighting
 + Level 2.9 Axes
 - Level 1.5 Dodging
 - Level 3.3 Stealth


You had 2 spell levels left.
You didn't know any spells.
Your spell library was empty.

Dungeon Overview and Level Annotations

Branches:
Dungeon (5/15)
 Temple: D:4-7

Altars:


Innate Abilities, Weirdness & Mutations

You are completely covered in rugged brown scales. (AC +3, +7% HP)
You have supernaturally acute eyesight. (SInv)
Armour fits poorly on your strangely shaped body.
You can roll at nearby foes to attack.
You have a long armoured tail.


Message History

The hobgoblin hits you.
You hit the hobgoblin.
You kill the hobgoblin!
The hobgoblin barely misses you.
You hit the hobgoblin.
The hobgoblin is moderately wounded.
The hobgoblin barely misses you.
You hit the hobgoblin. You tail-slap the hobgoblin.
You kill the hobgoblin!
The adder bites you but does no damage.
You hit the adder.
The adder is heavily wounded.
The adder barely misses you.
You closely miss the adder.
Your tail-slap misses the adder.
The adder is heavily wounded.
The adder barely misses you. The adder bites you but does no damage.
You hit the adder.
Your tail-slap misses the adder.
The adder is heavily wounded.
The adder bites you but does no damage.
You barely miss the adder.
The adder is heavily wounded.
The adder bites you.
You are poisoned.
The adder poisons you! The adder bites you.
* * * LOW HITPOINT WARNING * * *
You hit the adder.
The adder is heavily wounded.
You feel sick. The adder bites you.
* * * LOW HITPOINT WARNING * * *
You hit the adder but do no damage.
You tail-slap the adder, but do no damage.
The adder is heavily wounded.
You feel sick. The adder barely misses you. The adder bites you.
* * * LOW HITPOINT WARNING * * *
You are more poisoned.
The adder poisons you!
Okay, then.
You hit the adder.
The adder is severely wounded.
You die...

#####...)>.......#
......##.....####.........
###...#.##.###.#
####.##### #...#g#.## #.#
.# (..........###.# #
......g........#######.
....#.#.#######.$......
#..[....#######.#######
#.....BbS@..†.#
.....############ ... #


You could see an adder, a giant cockroach and a bat.

Vanquished Creatures
  An orc wizard (D:3)
  A worm (D:3)
  An orc (D:4)
  2 ball pythons
  2 hobgoblins (D:3)
  A rat (D:3)
8 creatures vanquished.

Notes
Turn   | Place    | Note
-------+----------+-------------------------------------------
     0 | D:5      | oldriver the Palentonga Delver began the quest for the Orb.
     0 | D:5      | Reached XP level 1. HP: 19/19 MP: 1/1
   202 | D:4      | Noticed an orc wizard
   216 | D:3      | Killed an orc wizard
   217 | D:3      | Reached XP level 2. HP: 15/25 MP: 2/2
   217 | D:3      | Reached XP level 3. HP: 19/31 MP: 3/3
   342 | D:3      | HP: 1/32 [adder (2)]
   343 | D:3      | Succumbed to an adder's poison

Illustrated notes

Levels and vault maps discovered:
D:3:      layout_loops_ring, serial_shops, shop, minmay_unequal, uniq_natasha
D:4:      minmay_skewed_foursquare, layout_layer_cave, serial_shops, shop,
          nicolae_shop_waterfront, due_unseen_surprise
D:5:      layout_basic, uniq_edmund, uniq_pikel, uniq_menkaure

Action                   || total
-------------------------++-------
Melee: Hand axe          ||    42
       Tailslap          ||     2
Armor: Leather armour    ||    12
Dodge: Dodged            ||    20

Table legend: (Time is in decaauts)
 A = Elapsed time spent in this place.
 B = Non-inter-level travel time spent in this place.
 C = Inter-level travel time spent in this place.
 D = Time resting spent in this place.
 E = Time spent auto-exploring this place.
 F = Levels seen in this place.
 G = Mean time per level.
                   A        B        C        D        E       F      G
               +--------+--------+--------+--------+--------+-----+--------+
         Total |    349 |    349 |      0 |    182 |      0 |   3 |  116.3 |
       Dungeon |    349 |    349 |      0 |    182 |      0 |   3 |  116.3 |
               +--------+--------+--------+--------+--------+-----+--------+

Top non-repeatable levels by time:
     D:4: 190 daAuts
     D:3: 137 daAuts
     D:5: 22 daAuts
